 Dungeon Crawl Stone Soup version 0.20.1-1-g8b1a95d (webtiles) character file.

22 letownia2 the Grave Robber (level 2, -3/22 HPs)
             Began as a Deep Dwarf Necromancer on Nov 4, 2017.
             Killed from afar by Anon1729's ghost (15 damage)
             ... with a flame tongue
             ... on level 4 of the Dungeon.
             The game lasted 00:02:49 (775 turns).

letownia2 the Grave Robber (Deep Dwarf Necromancer)  Turns: 775, Time: 00:02:50

Health: -3/22      AC:  3    Str: 11    XL:     2   Next: 68%
Magic:  5/5        EV: 12    Int: 15    God:
Gold:   44         SH:  0    Dex: 13    Spells: 4/5 levels left

rFire    . . .     SeeInvis .   a - +0 short sword
rCold    . . .     Gourm    .   (no shield)
rNeg     . . .     Faith    .   h - +0 robe
rPois    .         Spirit   .   (no helmet)
rElec    .         Reflect  .   i - +0 cloak
rCorr    .         Harm     .   (no gloves)
MR       .....                  (no boots)
Stlth    ++........             (no amulet)
Regen    0.0/turn               (no ring)
MPRegen  0.1/turn               (no ring)

@: non-regenerating
A: damage resistance, heal wounds, sense surroundings 1, no regeneration
a: Heal Wounds


You were on level 4 of the Dungeon.
You were not hungry.

You visited 1 branch of the dungeon, and saw 4 of its levels.

You collected 44 gold pieces.

Inventory:

Hand Weapons
 a - a +0 short sword (weapon)
Armour
 h - a +0 robe (worn)
 i - a +0 cloak (worn)
Jewellery
 f - a +3 ring of strength {unknown}
Wands
 l - a wand of disintegration (18/24)
Scrolls
 e - a scroll of remove curse
 g - a scroll of identify {unknown}
Potions
 j - a potion of might {unknown}
 k - a potion of resistance {unknown}
Books
 b - a book of Necromancy

   Spells                             Type                      Level
   a - Pain                           Necromancy                   1
   b - Animate Skeleton               Necromancy                   1
   c - Vampiric Draining              Necromancy                   3
   d - Regeneration                   Charms/Necromancy            3
   e - Animate Dead                   Necromancy                   4
   f - Control Undead                 Necromancy                   4
Comestibles
 c - 3 bread rations
 d - 3 fruits
 m - a chunk of flesh


   Skills:
 - Level 2.1 Dodging
 - Level 2.4 Stealth
 - Level 2.0 Spellcasting
 + Level 5.1 Necromancy


You had 4 spell levels left.
You knew the following spells:

 Your Spells              Type           Power        Failure   Level  Hunger
a - Pain                  Necr           ###.         2%          1    #......


Dungeon Overview and Level Annotations

Branches:
Dungeon (4/15)
 Temple: D:4-7

Altars:

Annotations:
D:3 Ijyb, Sigmund
D:4 Anon1729's ghost, amateur DEFE; Duvessa


Innate Abilities, Weirdness & Mutations

You are resistant to damage.
You can heal yourself by infusing magical energy.
You passively map a small area around you.
You do not regenerate.


Message History

a quokka skeleton; a bat corpse
There are no objects that can be picked up here. a quokka skeleton; a bat corpse You start resting.
Magic restored.
Unknown command.
Found a bread ration.
c - 3 bread rations (gained 1)
There is a shaft here.
You fall through a shaft!
The shaft crumbles and collapses.
Level annotation: Duvessa Anon1729's ghost (amateur Deep Elf Fire Elementalist) comes into view.
Found a smoky golden potion.
Unknown command.
Unknown command.
Anon1729's ghost gestures at you while chanting.
The flame tongue hits you!
Ouch! That really hurt!
You die... , * .P , .P P. ... .P . , P.PPPPP.P.P,** * ...P..)P.P, PPPP.P.PPP.P * * ........P.P, ,PPP.PPP.PPP.# P..PP.@..!P.# ,,PP.PPPPPP.#

*
###W##...,
*, ..#
#.##
**##.# ...
#.. #.#
#..* .#
#..# # ..#


You could see Anon1729's ghost.

Vanquished Creatures
  An adder (D:3)
  A dart slug (D:2)
  An orc (D:4)
  A ball python (D:3)
  4 bats
  A quokka (D:3)
  A frilled lizard (D:2)
  A rat (D:2)
11 creatures vanquished.

Notes
Turn   | Place    | Note
-------+----------+-------------------------------------------
     0 | D:1      | letownia2 the Deep Dwarf Necromancer began the quest for the Orb.
     0 | D:1      | Reached XP level 1. HP: 15/15 MP: 3/3
    41 | D:3      | Noticed Ijyb
   187 | D:3      | Noticed Sigmund
   455 | D:4      | Reached XP level 2. HP: 22/22 MP: 1/5
   461 | D:4      | Noticed Duvessa
   541 | D:3      | Reached skill level 5 in Necromancy
   773 | D:3      | You fall through a shaft!
   773 | D:4      | Noticed Anon1729's ghost (amateur DEFE)
   775 | D:4      | Killed from afar by Anon1729's ghost

Skill      XL: |  1  2 |
---------------+-------+-----
Spellcasting   | 2 |  2.0
Necromancy     | 5 |  5.1
Dodging        | |  2.1
Stealth        | |  2.4

Action                   || total
-------------------------++-------
Melee: Short sword       ||     6
 Cast: Pain              ||    22
  Use: Scroll            ||     3
 Stab: Sleeping          ||     1
Armor: Robe              ||     5
Dodge: Dodged            ||    23
